 Dungeon Crawl Stone Soup version 0.25-a0-843-g6944ee31a2 (webtiles) character file.

Game seed: 11075983525315283310, levelgen mode: deterministic

7 Esekla the Charmwright (level 1, 0/9 HPs)
             Began as a Felid Skald on Apr 25, 2020.
             Slain by a frilled lizard (2 damage)
             ... on level 3 of the Dungeon.
             The game lasted 00:02:09 (222 turns).

Esekla the Charmwright (Felid Skald)                 Turns: 222, Time: 00:02:09

Health: 0/9        AC:  1    Str:  7    XL:     1   Next: 83%
Magic:  4/4        EV: 18    Int: 14    God:
Gold:   15         SH:  0    Dex: 15    Spells: 3/4 levels left
                                        Lives:  0   Deaths: 0

rFire    . . .     SeeInvis +     - Unarmed
rCold    . . .     Gourm    .   (shield unavailable)
rNeg     . . .     Faith    .   (armour unavailable)
rPois    .         Spirit   .   (helmet unavailable)
rElec    .         Reflect  .   (cloak unavailable)
rCorr    .         Harm     .   (gloves unavailable)
MR       .....                  (boots unavailable)
Stlth    ++........             (no amulet)
HPRegen  0.03/turn              (no ring)
MPRegen  0.09/turn              (no ring)

@: quick
A: very small, no armour, no weapons or thrown items, stealth, claws 1, fangs 3,
see invisible, carnivore, speed 1, shaggy fur 1, slow metabolism 1, sharp paws
a: no special abilities


You were on level 3 of the Dungeon.
You were not hungry.

You visited 1 branch of the dungeon, and saw 3 of its levels.

You collected 15 gold pieces.

Inventory:

Wands
 h - a wand of polymorph (5)
Scrolls
 c - a scroll of fog {unknown}
 d - a scroll of teleportation {unknown}
 e - 2 scrolls of identify {unknown}
 i - 3 scrolls of magic mapping {unknown}
Potions
 a - a potion of curing {unknown}
 f - a potion of invisibility {unknown}
 g - a potion of degeneration {unknown}
Comestibles
 b - 2 rations


   Skills:
 - Level 2.0 Fighting
 + Level 3.3 Dodging
 + Level 2.1 Unarmed Combat
 * Level 2.3 Spellcasting
 - Level 3.6 Charms


You had 3 spell levels left.
You knew the following spells:

 Your Spells              Type           Power        Failure   Level  Hunger
a - Infusion              Chrm           ##..         5%          1    #......

Your spell library contained the following spells:

 Spells                   Type           Power        Failure   Level  Hunger
 Song of Slaying          Chrm           ##......     8%          2    ###....
 Shroud of Golubria       Chrm/Tloc      #.....       17%         2    ###....
 Ozocubu's Armour         Chrm/Ice       #.......     32%         3    ###....
 Spectral Weapon          Hex/Chrm       Unusable     N/A         3    N/A

Dungeon Overview and Level Annotations

Branches:
Dungeon (3/15)

Altars:


Innate Abilities, Weirdness & Mutations

You cannot wear armour.
You are incapable of wielding weapons or throwing items.
Your paws allow you to move quietly. (Stealth)
You have sharp claws.
You have razor-sharp teeth.
You have supernaturally acute eyesight. (SInv)
You are carnivorous and can eat meat at any time.
You cover ground quickly.
You are covered in fur. (AC +1)
You have a slow metabolism.
Your sharp claws are effective at attacking unaware monsters.


Message History

Okay, then.
You barely miss the bat.
The bat is heavily wounded.
The bat closely misses you.
You scratch the bat.
You kill the bat!
You scratch the frilled lizard.
The frilled lizard is heavily wounded.
The frilled lizard bites you.
* * * LOW HITPOINT WARNING * * *
You closely miss the frilled lizard.
The frilled lizard is heavily wounded.
The frilled lizard closely misses you.
You scratch the frilled lizard but do no damage.
The frilled lizard is heavily wounded.
The frilled lizard barely misses you.
You barely miss the frilled lizard.
The frilled lizard is heavily wounded.
The frilled lizard bites you.
You die...

#.#..#.#.#...###.# #
#.#..#.#.#...###.#
#.###.#..............(
#.......l..#.#...#..##
###.....b....#...#..#.
#.#.#..(.......#..#. #
#.#.###..#.#.#..#.
#l#.# #..#.#.#..#.
#@#.# #..#.#....#.
#.#.# ####.##...##
#.#.# #.# #.# #.# #..
###


You could see a frilled lizard.

Vanquished Creatures
  A dart slug (D:3)
  A bat (D:3)
  2 kobolds
  A frilled lizard (D:2)
5 creatures vanquished.

Notes
Turn   | Place    | Note
-------+----------+-------------------------------------------
     0 | D:1      | Esekla the Felid Skald began the quest for the Orb.
     0 | D:1      | Reached XP level 1. HP: 9/9 MP: 4/4
   222 | D:3      | Slain by a frilled lizard

Levels and vault maps discovered:
D:1:      wander_arrival_fairy_ring, layout_loops_cross, minmay_crystal_water
D:2:      layout_loops_ring
D:3:      layout_loops_ring, hangedman_decor_opposing, minmay_misc_feat_tower,
          roderic_batcave, uniq_natasha

Action                   || total
-------------------------++-------
Melee: Unarmed           ||    20
 Cast: Infusion          ||     2
Armor: Skin              ||     4
Dodge: Dodged            ||    27

Table legend:
 A = Non-vault XP
 B = Vault XP
 C = Vault XP percentage of total XP
 D = Non-vault monster count
 E = Vault monster count
 F = Vault count percentage of total count
                 A         B        C        D         E       F
            +---------+---------+-------+---------+---------+-------
      Total |      10 |       0 |   0.0 |       5 |       0 |   0.0
            +---------+---------+-------+---------+---------+-------
        D:2 |       3 |       0 |   0.0 |       2 |       0 |   0.0
        D:3 |       7 |       0 |   0.0 |       3 |       0 |   0.0
            +---------+---------+-------+---------+---------+-------
